 Dungeon Crawl Stone Soup version 0.21.1-1-g345015f (webtiles) character file.

95 kaesh the Cudgeler (level 4, -3/45 HPs)
             Began as a Troll Monk on Feb 25, 2018.
             Slain by kaesh's ghost (6 damage)
             ... on level 3 of the Dungeon.
             The game lasted 00:04:38 (1562 turns).

kaesh the Cudgeler (Troll Monk)                     Turns: 1562, Time: 00:04:39

Health: -3/45      AC:  5    Str: 20    XL:     4   Next: 40%
Magic:  3/3        EV: 11    Int:  6    God:
Gold:   128        SH:  0    Dex: 12    Spells: 3/3 levels left

rFire    x . .     SeeInvis .   f - +1 flail
rCold    + . .     Gourm    +   (no shield)
rNeg     . . .     Faith    .   b - +0 robe
rPois    .         Spirit   .   (helmet restricted)
rElec    .         Reflect  .   (no cloak)
rCorr    .         Harm     .   (gloves unavailable)
MR       .....                  (boots unavailable)
Stlth    ++........             (no amulet)
HPRegen  0.55/turn              i - ring of ice
MPRegen  0.08/turn              k - ring of wizardry

@: no status effects
A: large, unfitting armour, claws 3, fast metabolism 3, gourmand, regeneration
1, shaggy fur 1, tough skin 2
a: no special abilities


You were on level 3 of the Dungeon.
You were completely stuffed.

You visited 1 branch of the dungeon, and saw 3 of its levels.

You collected 128 gold pieces.

Inventory:

Hand Weapons
 a - a +0 mace
 f - a +1 flail (weapon)
Armour
 b - a +0 robe (worn)
Jewellery
 i - a ring of ice (left claw)
 k - a ring of wizardry (right claw)
Wands
 e - a wand of digging (12)
Scrolls
 g - a scroll of teleportation
 l - a scroll of identify
Potions
 d - a potion of resistance
 j - a potion of mutation {unknown}
Comestibles
 c - 5 rations
 h - a chunk of flesh


   Skills:
 + Level 3.1 Fighting
 + Level 3.5 Maces & Flails
 + Level 3.2 Dodging
 - Level 1.0 Stealth


You had 3 spell levels left.
You didn't know any spells.

Dungeon Overview and Level Annotations

Branches:
Dungeon (3/15)

Altars:

Annotations:
D:3 kaesh's ghost, weakling MiFi


Innate Abilities, Weirdness & Mutations

You are too large for most types of armour.
You have claws for hands.
Your metabolism is lightning-fast.
You like to eat raw meat.
Your natural rate of healing is unusually fast.
You are covered in fur. (AC +1)
You have very tough skin. (AC +2)


Message History

Kaesh's ghost barely misses you.
You thump kaesh's ghost!
Kaesh's ghost is heavily damaged.
Kaesh's ghost hits you!
You are too injured to fight recklessly!
You are too injured to fight recklessly!
You are too injured to fight recklessly!
You are too injured to fight recklessly!
You are too injured to fight recklessly!
You are too injured to fight recklessly!
You hit kaesh's ghost but do no damage.
Kaesh's ghost is heavily damaged.
Kaesh's ghost hits you!
* * * LOW HITPOINT WARNING * * *
Kaesh's ghost hits you.
* * * LOW HITPOINT WARNING * * *
You barely miss kaesh's ghost.
Kaesh's ghost is heavily damaged.
Kaesh's ghost hits you.
You die...

..#..# .###.# >#
#.######... ##
#........# ### #
##..###### #.#
#####..# #.# .......#
###.# .#####.##
#####...# ## #..#
#).@W.#........ # ##.#
###.#####..)..... #.#
#.......#........ #.#
#...###..........
#.####..#.........W..$
#.#.......###.........
##...##.####
#......... ##.......#
###..##..#.#


You could see kaesh's ghost.

Vanquished Creatures
  Terence (D:2)
  2 adders (D:2)
  2 oozes (D:1)
  A dart slug (D:3)
  2 leopard geckos
  2 bats
  3 goblins
  5 hobgoblins (D:1)
  4 jackals (D:1)
  A quokka (D:2)
  5 frilled lizards
  8 kobolds
  4 rats
40 creatures vanquished.

Notes
Turn   | Place    | Note
-------+----------+-------------------------------------------
     0 | D:1      | kaesh the Troll Monk began the quest for the Orb.
     0 | D:1      | Reached XP level 1. HP: 22/22 MP: 0/0
    28 | D:1      | Reached XP level 2. HP: 28/29 MP: 1/1
   331 | D:1      | Reached XP level 3. HP: 36/36 MP: 2/2
   821 | D:2      | Noticed Terence
   850 | D:2      | Killed Terence
   850 | D:2      | Reached XP level 4. HP: 35/45 MP: 3/3
  1537 | D:3      | Noticed kaesh's ghost (weakling MiFi)
  1561 | D:3      | HP: 2/45 [kaesh's ghost (3)]
  1562 | D:3      | Slain by kaesh's ghost

Skill      XL: |  1  2  3 |
---------------+----------+-----
Maces & Flails | 3 |  3.5
Fighting       | 3 |  3.1
Dodging        | 3 |  3.2
Stealth        | |  1.0

Action                   |  1- 3 |  4- 6 || total
-------------------------+-------+-------++-------
Melee: Mace              |   120 |       ||   120
       Flail             |       |    35 ||    35
  Use: Scroll            |     4 |     1 ||     5
       Potion            |     1 |       ||     1
 Stab: Sleeping          |     1 |     3 ||     4
  Eat: Chunk             |    13 |     7 ||    20
Armor: Robe              |    62 |     8 ||    70
Dodge: Dodged            |    91 |    23 ||   114
